 Dungeon Crawl Stone Soup version 0.25-a0-424-g80bd347ae0 (webtiles) character file.

Game seed: 12687845052552263936, levelgen mode: deterministic

203 kae the Changer (level 5, 0/60 HPs)
             Began as a Draconian Transmuter on Jan 23, 2020.
             Slain by an orc
             ... wielding a +0 trident
              (2 damage)
             ... on level 4 of the Dungeon.
             The game lasted 00:03:02 (3540 turns).

kae the Changer (Draconian Transmuter)              Turns: 3540, Time: 00:03:03

Health: 0/60       AC: 22    Str: 12    XL:     5   Next: 51%
Magic:  9/10       EV:  2    Int: 14    God:
Gold:   132        SH:  0    Dex: 12    Spells: 4/10 levels left

rFire    . . .     SeeInvis .   d - +0 spear
rCold    . . .     Gourm    .   (no shield)
rNeg     + + +     Faith    .   (armour unavailable)
rPois    +         Spirit   .   (helmet currently unavailable)
rElec    .         Reflect  .   (cloak currently unavailable)
rCorr    .         Harm     .   (gloves currently unavailable)
MR       .....     NoTele   +   (boots currently unavailable)
Stlth    ++........             (no amulet)
HPRegen  0.20/turn              h - ring of stealth
MPRegen  0.12/turn              (no ring)

@: tree-form
A: unfitting armour, AC +5
a: no special abilities


You were on level 4 of the Dungeon.
You were very hungry.
You were a tree.
You visited 1 branch of the dungeon, and saw 4 of its levels.

You collected 132 gold pieces.

Inventory:

Hand Weapons
 d - a +0 spear (weapon)
Missiles
 a - 22 arrows
Jewellery
 h - a ring of stealth (left branch)
Wands
 k - a wand of random effects (20)
Scrolls
 b - a scroll of amnesia
 e - 2 scrolls of identify
 i - a scroll of magic mapping
Potions
 n - a potion of degeneration
Comestibles
 c - 4 rations


   Skills:
 - Level 1.1 Fighting
 - Level 1.7 Dodging
 - Level 3.0 Unarmed Combat
 + Level 3.4 Spellcasting
 * Level 4.9 Transmutations


You had 4 spell levels left.
You knew the following spells:

 Your Spells              Type           Power        Failure   Level  Hunger
a - Beastly Appendage     Tmut           ###...       2%          1    #......
b - Sticks to Snakes      Tmut           ###.....     4%          2    ##.....
c - Spider Form           Tmut/Pois      #.........   22%         3    ###....

Your spell library contained the following spells:

 Spells                   Type           Power        Failure   Level  Hunger
 Confusing Touch          Hex            #.......     52%         3    ###....
 Gell's Gravitas          Tloc           #.........   52%         3    ###....
 Ice Form                 Ice/Tmut       #.......     58%         4    #####..
 Petrify                  Tmut/Erth      #.......     58%         4    #####..
 Blade Hands              Tmut           ###.......   58%         5    ######.
 Yara's Violent Unravell  Hex/Tmut       #.........   90%         5    ######.
 Metabolic Englaciation   Hex/Ice        #.........   99%         5    ######.


Dungeon Overview and Level Annotations

Branches:
Dungeon (4/15)
 Temple: D:4-7

Altars:
Okawaru
Xom


Innate Abilities, Weirdness & Mutations

((Your plain brown scales are hard. (AC +5)))
You cannot fit into any form of body armour.
((You are cold-blooded and may be slowed by cold attacks.))


Message History

The orc hits you but does no damage. x3
You barely miss the orc priest.
The orc priest is almost dead.
The orc barely misses you. The orc priest hits you with a +0 club.
* * * LOW HITPOINT WARNING * * *
The orc hits you but does no damage. x2
You hit the orc priest.
You kill the orc priest!
The orc hits you but does no damage. x3
You cannot move.
You cannot move.
You cannot move.
You hit the orc but do no damage. The orc hits you but does no damage. x3
You hit the orc but do no damage.
The orc hits you from afar with a +0 trident.
* * * LOW HITPOINT WARNING * * *
The orc hits you but does no damage. x2
You hit the orc but do no damage.
The orc hits you from afar with a +0 trident.
You die...

.....
.....
......
##....
...# ###
..## .. .#
#. .. #.##
## #o♣#
##o)......
#o.......
##.......
.......
.......
#......
......


You could see 3 orcs.

Vanquished Creatures
  A hound (D:3)
  An orc priest (D:4)
  Natasha (D:2)
  4 adders
  A dart slug (D:2)
  A leopard gecko (D:3)
  8 giant cockroaches
  10 goblins
  8 hobgoblins
  6 jackals (D:3)
  2 quokkas (D:3)
  9 bats
  5 frilled lizards
  8 kobolds
  8 rats
73 creatures vanquished.

Vanquished Creatures (collateral kills)
  2 worms (D:2)
2 creatures vanquished.

Grand Total: 75 creatures vanquished

Notes
Turn   | Place    | Note
-------+----------+-------------------------------------------
     0 | D:1      | kae the Draconian Transmuter began the quest for the Orb.
     0 | D:1      | Reached XP level 1. HP: 16/16 MP: 3/3
   216 | D:1      | Reached XP level 2. HP: 15/23 MP: 3/5
   876 | D:2      | Reached skill level 3 in Transmutations
  1054 | D:2      | Found an iron altar of Okawaru.
  1480 | D:2      | Learned a level 2 spell: Sticks to Snakes
  1497 | D:2      | Reached XP level 3. HP: 28/28 MP: 1/6
  1545 | D:2      | Learned a level 3 spell: Spider Form
  1754 | D:2      | Noticed Natasha
  1769 | D:2      | Killed Natasha
  2233 | D:3      | Reached XP level 4. HP: 34/35 MP: 8/8
  2348 | D:3      | Found a shimmering altar of Xom.
  2375 | D:3      | Reached skill level 4 in Transmutations
  2872 | D:3      | Reached XP level 5. HP: 40/40 MP: 7/9
  3536 | D:4      | HP: 2/60 [orc priest/+0 club (4)]
  3540 | D:4      | Slain by an orc

Levels and vault maps discovered:
D:1:      erik_arrival_blinker_ship, layout_basic,
          hangedman_decor_clover_reticule
D:2:      layout_basic, kennysheep_okawaru_gauntlet, uniq_natasha
D:3:      layout_loops_corners, xom_butterflies, hangedman_feature_mirror
D:4:      layout_rooms

Skill      XL: |  1  2  3  4 |
---------------+-------------+-----
Transmutations | 3 4 |  4.9
Spellcasting   | 3 |  3.4
Fighting       | |  1.1
Dodging        | |  1.7
Unarmed Combat | |  3.0

Action                   |  1- 3 |  4- 6 || total
-------------------------+-------+-------++-------
Melee: Spear             |   124 |   171 ||   295
       Unarmed           |    14 |       ||    14
       Kick              |     6 |     5 ||    11
       Headbutt          |     6 |     4 ||    10
       Tailslap          |    10 |    16 ||    26
       Punch             |     3 |     6 ||     9
 Cast: Beastly Appendage |    15 |    16 ||    31
       Sticks to Snakes  |     3 |       ||     3
       Spider Form       |     1 |       ||     1
  Use: Scroll            |     4 |     4 ||     8
       Potion            |       |     1 ||     1
 Stab: Sleeping          |       |     8 ||     8
  Eat: Chunk             |     2 |     3 ||     5
       Ration            |     1 |       ||     1
Armor: Skin              |    36 |   109 ||   145
Dodge: Dodged            |    64 |    95 ||   159

Table legend:
 A = Non-vault XP
 B = Vault XP
 C = Vault XP percentage of total XP
 D = Non-vault monster count
 E = Vault monster count
 F = Vault count percentage of total count
                 A         B        C        D         E       F
            +---------+---------+-------+---------+---------+-------
      Total |     246 |      45 |  15.5 |      68 |       7 |   9.3
            +---------+---------+-------+---------+---------+-------
        D:1 |      30 |       0 |   0.0 |      21 |       0 |   0.0
        D:2 |      26 |      38 |  59.4 |      11 |       3 |  21.4
        D:3 |     134 |       7 |   5.0 |      34 |       4 |  10.5
        D:4 |      56 |       0 |   0.0 |       2 |       0 |   0.0
            +---------+---------+-------+---------+---------+-------
